 Dungeon Crawl Stone Soup version 0.10.4 character file.

302 DogServant the Skirmisher (level 4, -3/37 HPs)
             Began as a Demonspawn Fighter on Oct 13, 2020.
             Slain by a scorpion (5 damage)
             ... on Level 4 of the Dungeon.
             The game lasted 00:07:46 (3186 turns).

DogServant the Skirmisher (Demonspawn Fighter)      Turns: 3186, Time: 00:07:47

HP  -3/37        AC  8     Str 18      XL: 4   Next: 68%
MP   3/3         EV  5     Int  9      God:
Gold 180         SH 18     Dex 12      Spells:  0 memorised,  3 levels left

Res.Fire  : . . .   See Invis. : .   a - +0,+1 hand axe {=f}
Res.Cold  : . . .   Warding    : . . h - +1 scale mail
Life Prot.: . . .   Conserve   : .   c - +0 shield
Res.Acid. : . . .   Res.Corr.  : .   (no helmet)
Res.Poison: .       Clarity    : .   (no cloak)
Res.Elec. : .       Spirit.Shd : .   (no gloves)
Sust.Abil.: . .     Stasis     : .   (no boots)
Res.Mut.  : .       Ctrl.Telep.: .   (no amulet)
Res.Rott. : .       Levitation : .   (no ring)
Saprovore : . . .   Ctrl.Flight: .   (no ring)

@: quite poisoned, slightly resistant to hostile enchantments, extremely
unstealthy
A: AC +1
a: no special abilities


You were on level 4 of the Dungeon.
You were near starving.

You visited 1 branch of the dungeon, and saw 4 of its levels.

You collected 160 gold pieces.

Inventory:

Hand weapons
 a - a +0,+1 hand axe (weapon) {=f}
 j - a -1,+0 orcish dagger (quivered)
Armour
 c - a +0 shield (worn)
 h - a +1 scale mail (worn)
Scrolls
 e - 2 scrolls of detect curse
 i - a scroll of identify {unknown}
 p - a scroll of recharging {unknown}
 q - a scroll of remove curse {unknown}
 s - a scroll of fog {unknown}
 u - a scroll of curse weapon {unknown}
Jewellery
 o - an uncursed ring of sustenance {unknown}
 r - an uncursed ring of protection from magic {unknown}
Potions
 b - a potion of speed {unknown}
 l - 3 potions of curing {unknown}
 n - a potion of confusion {unknown}
 t - a potion of cure mutation {unknown}


   Skills:
 + Level 4.0 Fighting
 + Level 2.9 Axes
 + Level 3.6 Armour
 - Level 3.3 Shields


You had 3 spell levels left.
You didn't know any spells.

Dungeon Overview and Level Annotations

Branches:
Dungeon (4/27)
 Temple: D:4-7

Altars:
Vehumet


Innate Abilities, Weirdness & Mutations

You are partially covered in icy blue scales (AC +1).


Message History

You are too injured to fight blindly!
You are too injured to fight blindly!
You are too injured to fight blindly!
You hit the scorpion.
The scorpion is heavily wounded.
* * * LOW HITPOINT WARNING * * *
You feel sick. The scorpion stings you.
* * * LOW HITPOINT WARNING * * *
You hit the scorpion.
The scorpion is heavily wounded.
* * * LOW HITPOINT WARNING * * *
You feel sick. The scorpion barely misses you.
You completely miss the scorpion.
The scorpion is heavily wounded.
* * * LOW HITPOINT WARNING * * *
You feel sick. The scorpion stings you.
* * * LOW HITPOINT WARNING * * *
You are more poisoned.
The scorpion poisons you! The scorpion stings you.
You die...

...# .(.# ...#
...##.# ...... ##
######...# #.##.
#........#
#....#+#...#....#
#####....#.#@#.##
#.%........#s# ..
#.#......###.#
...
#####........#
#.# ###
...####...##.#
#..
#)####...##......
#....#.#######..(
#....#.# ...#
##...<#.# #.#


You could see a scorpion.

Vanquished Creatures
  A crimson imp (D:2)
  4 adders
  2 oozes (D:1)
  8 bats
  A giant cockroach (D:2)
  5 hobgoblins
  2 ball pythons (D:1)
  3 giant newts
  12 goblins
  10 kobolds
  8 rats
  2 toadstools (D:1)
58 creatures vanquished.

Vanquished Creatures (others)
  A bat (D:3)
  A giant cockroach (D:1)
  A goblin (D:1)
  A toadstool (D:3)
4 creatures vanquished.

Grand Total: 62 creatures vanquished

Notes
Turn   | Place    | Note
--------------------------------------------------------------
     0 | D:1      | DogServant, the Demonspawn Fighter, began the quest for the Orb.
     0 | D:1      | Reached XP level 1. HP: 18/18 MP: 0/0
   421 | D:1      | Gained mutation: You are partially covered in icy blue scales (AC +1).
   421 | D:1      | Reached XP level 2. HP: 24/24 MP: 1/1
  1170 | D:2      | Noticed a crimson imp
  1215 | D:2      | Reached XP level 3. HP: 17/30 MP: 2/2
  1241 | D:2      | Killed a crimson imp
  1557 | D:2      | Reached XP level 4. HP: 27/36 MP: 3/3
  2619 | D:3      | Found a radiant altar of Vehumet.
  2721 | D:3      | HP: 1/36 [poisoned by an adder]
  3162 | D:4      | Reached skill level 4 in Fighting
  3186 | D:4      | Slain by a scorpion
